 Dungeon Crawl Stone Soup version 0.30-a0-1085-g990a428a5c (webtiles) character file.

Game seed: 3549998575695971951

75348 Lobster4 the Stormcaller (level 15, 0/86 HPs)
             Began as a Tengu Air Elementalist on Apr 16, 2023.
             Was a High Priest of Vehumet.
             Succumbed to a death drake's dark miasma
             ... on level 13 of the Dungeon.
             The game lasted 01:36:39 (38022 turns).

Lobster4 the Stormcaller (Tengu Air Elementalist)  Turns: 38022, Time: 01:36:40

Health: 0/86       AC: 16    Str: 10    XL:     15   Next: 49%
Magic:  7/25       EV: 17    Int: 22    God:    Vehumet [*****.]
Gold:   2259       SH: 10    Dex: 14    Spells: 4/27 levels left

rFire   . . .      SeeInvis .    n - staff of air
rCold   + . .      Faith    .    U - +0 buckler
rNeg    . . .      Spirit   .    E - quicksilver dragon scales
rPois   .          Reflect  +    (helmet restricted)
rElec   +          Rampage  .    K - +1 cloak
rCorr   .                        T - +1 pair of gloves
Will    ++...                    (boots unavailable)
Stlth   ++                       h - amulet of reflection
HPRegen 0.34/turn                P - ring of protection from cold
MPRegen 0.19/turn                (no ring)

@: lethally poisoned (0 -> -10), flying quickly and evasively, slowed, very slow
A: beak, talons 3, nimble flight
a: Renounce Religion


You were on level 13 of the Dungeon.
You worshipped Vehumet.
Vehumet was extremely pleased with you.
You visited 4 branches of the dungeon, and saw 21 of its levels.
You also visited: Bailey.

You collected 2274 gold pieces.
You spent 15 gold pieces at shops.

Inventory:

Hand Weapons
 j - a +3 scimitar of flaming
 p - a +2 dagger of electrocution
 u - the +7 Throatcutter {drain, coup de grace}
   (You took it off Terence on level 3 of the Dungeon)
 x - the +10 arbalest of the Special Teeth {penet, Str+3}
   (You found it on level 9 of the Dungeon)

   Str:       It affects your strength (+3).
 z - a +1 sling
 O - the +7 rapier of Fedhas's Anger {vamp, rF++ rC- Str+3 Dex+2}
   (You found it on level 4 of the Dungeon)

   Str:       It affects your strength (+3).
   Dex:       It affects your dexterity (+2).
   rF:        It greatly protects you from fire.
   rC:        It makes you vulnerable to cold.
 S - a +4 short sword
Missiles
 s - 28 poisoned darts (quivered)
 F - 2 silver boomerangs
 I - 2 curare-tipped darts
 W - 7 javelins
Armour
 E - quicksilver dragon scales (worn)
 H - the +0 ring mail of True Grit {+Blink Dex+3}
   (You found it on level 6 of the Dungeon)

   Dex:       It affects your dexterity (+3).
   +Blink:    It lets you blink.
 K - a +1 cloak (worn)
 L - a +3 leather armour of fire resistance
 T - a +1 pair of gloves (worn)
 U - a +0 buckler (worn)
 X - a +0 robe of resistance
Magical Staves
 n - a staff of air (weapon)
 B - a staff of poison
Jewellery
 h - an amulet of reflection (around neck)
 D - a ring of fire
 P - a ring of protection from cold (left hand)
Wands
 a - a wand of roots (3)
 r - a wand of flame (8)
 A - a wand of charming (47)
 C - a wand of polymorph (22)
 N - a wand of quicksilver (21)
 R - a wand of digging (5)
 V - a wand of mindburst (13)
Scrolls
 b - 15 scrolls of identify
 c - 2 scrolls of immolation
 d - a scroll of enchant weapon
 k - 18 scrolls of teleportation
 m - 3 scrolls of poison
 o - 4 scrolls of magic mapping
 q - a scroll of silence
 v - 3 scrolls of fear
 y - 3 scrolls of enchant armour
 Y - 8 scrolls of blinking
 Z - a scroll of acquirement
Potions
 e - 3 potions of heal wounds
 f - 9 potions of curing
 g - 8 potions of haste
 i - 3 potions of brilliance
 l - 5 potions of resistance
 t - 9 potions of might
 w - a potion of ambrosia
 G - 9 potions of mutation
 J - 3 potions of lignification
 M - 2 potions of invisibility
Miscellaneous
 Q - a lightning rod (3/4)


   Skills:
 + Level 7.5 Fighting
 - Level 3.0 Short Blades
 - Level 5.1 Staves
 + Level 8.2 Ranged Weapons
 - Level 3.0 Throwing
 - Level 8.0 Armour
 + Level 10.7 Dodging
 - Level 3.0 Stealth
 + Level 4.0 Shields
 + Level 6.6 Spellcasting
 + Level 12.2 Conjurations
 + Level 9.6 Summonings
 + Level 4.4 Translocations
 + Level 3.0 Fire Magic
 + Level 16.5 Air Magic
 - Level 5.0 Poison Magic
 - Level 3.0 Evocations


You had 4 spell levels left.
You knew the following spells:

 Your Spells              Type           Power      Damage    Failure   Level
a - Shock                 Conj/Air       100%       1d9       1%          1
b - Swiftness             Air            88%        N/A       1%          3
c - Static Discharge      Conj/Air       100%       2-7/arc   1%          2
d - Airstrike             Air            44%        2d(7-23)  1%          4
e - Poisonous Vapours     Pois/Air       100%       N/A       1%          2
f - Mephitic Cloud        Conj/Pois/Air  71%        N/A       1%          3
g - Plasma Beam           Fire/Air       33%        2x1d50    17%         6
h - Blink                 Tloc           52%        N/A       6%          2

Your spell library contained the following spells:

 Spells                   Type           Power      Damage    Failure   Level
 Momentum Strike          Conj/Tloc      88%        3d10      1%          2
 Dazzling Flash           Conj/Hex       68%        N/A       1%          3
 Hailstorm                Conj/Ice       34%        3d9       1%          3
 Summon Lightning Spire   Summ/Air       77%        N/A       1%          4
 Iskenderun's Mystic Bla  Conj/Tloc      44%        2d10      2%          4
 Volatile Blastmotes      Fire/Tloc      46%        2d13      4%          3
 Fulminant Prism          Conj/Hex       17%        3d10      5%          4
 Lesser Beckoning         Tloc           52%        N/A       6%          2
 Manifold Assault         Tloc           26%        N/A       36%         4
 Passage of Golubria      Tloc           26%        N/A       36%         4
 Tukima's Dance           Hex            7%         N/A       58%         3
 Ice Form                 Ice/Tmut       7%         N/A       94%         4
 Silence                  Hex/Air        30%        N/A       24%         5
 Summon Forest            Summ/Tloc      19%        N/A       36%         5
 Maxwell's Capacitive Co  Air            44%        ∞         41%         8
 Lee's Rapid Deconstruct  Erth           3%         3d5*      83%         5
 Yara's Violent Unravell  Hex/Tmut       3%         3d4       83%         5
 Eringya's Noxious Bog    Tmut/Pois      9%         N/A       96%         6
 Summon Hydra             Summ           24%        N/A       98%         7
 Agony                    Necr           7%         N/A       100%        5
 Simulacrum               Ice/Necr       3%         N/A       100%        6
 Storm Form               Tmut/Air       30%        N/A       100%        7


Dungeon Overview and Level Annotations

Branches:
Dungeon (13/15)            Temple (1/1) D:5            Lair (5/5) D:8
 Shoals (0/4) Lair:3        Snake (0/4) Lair:2        Slime (0/5) Lair:4
    Orc (2/2) D:10            Elf (0/3) Orc:2        Bailey (visited)
 Vaults: D:13-14

Altars:
Ashenzari
Cheibriados
Dithmenos
Elyvilon
Fedhas
Gozag
Hepliaklqana
Kikubaaqudgha
Makhleb
Nemelex Xobeh
Okawaru
Qazlal
Ru
Sif Muna
Trog
Uskayaw
Vehumet
Wu Jian
Xom
Yredelemnul
Zin
The Shining One
Jiyva

Shops:
Orc:2 =:?*

Annotations:
D:11 1 runed translucent door, Rudyous's ghost, journeyman DEFE
Lair:3 2 transporters
Orc:1 1 runed translucent door, Ydyewoar's ghost, journeyman DsBe
Orc:2 1 runed translucent door, math4jedi's ghost, journeyman MiBe


Innate Abilities, Weirdness & Mutations

You have a beak for a mouth.
You have claws for feet.
Your magical nature lets you fly swiftly and evasively.


Message History

The air twists around and strikes the death drake!
The death drake is almost dead.
You are engulfed in dark miasma.
You are lethally poisoned!
You feel extremely sick. The vampire mosquito barely misses you.
The death drake barely misses you.
The vampire mosquito closely misses you.
The death drake breathes miasma at you. The foul vapour engulfs you!
You are more poisoned.
* * * LOW HITPOINT WARNING * * *
Okay, then.
Unknown command.
Okay, then.
You feel better.
The vampire mosquito bites you but does no damage.
The vampire mosquito bites you!
* * * LOW HITPOINT WARNING * * *
The vampire mosquito draws strength from your injuries!
You block the death drake's attack. The vampire mosquito bites you.
* * * LOW HITPOINT WARNING * * *
The vampire mosquito draws strength from your injuries!
The death drake misses you.
Blink to where?
Press: ? - help, Dir - move target, p - death drake
As you read the scroll of blinking, it crumbles to dust.
The death drake breathes miasma at you.
The foul vapour engulfs the vampire mosquito.
The vampire mosquito completely resists.
Casting: Airstrike (safe; 1% risk of failure)
Confirm with . or Enter, or press ? or * to list all spells.
Aiming: Airstrike (safe; 1% risk of failure)
Press: ? - help, Dir - move target, f - vampire mosquito
Aim: a vampire mosquito (foul pestilence, empty space bonus: 2/8)
You feel a surge of power!
The air twists around and strikes the vampire mosquito!
The vampire mosquito is moderately damaged.
You are engulfed in dark miasma.
You are lethally poisoned!
* * * LOW HITPOINT WARNING * * *
You die...

###### #....# ##########
#....# #......... #....#
#......<.. #...°#####
#.......S.
#....°@°°#####.........
#...°###°°°y°k.........
######## ####.#
#######.........
.>...).##### #.# #.........
######.....###.###
###......... #
###.....#...#####.D.........
# #.#######.#.....#.........
# #.# ####.#.#########.####
##.# #..)...# .#


You could see a death drake and a vampire mosquito.

Vanquished Creatures
  An ettin (Orc:1)
  Fannar (Orc:1)
  2 hydras
  Josephine (Lair:4)
  A catoblepas (Lair:5)
  A centaur warrior (D:13)
  2 boulder beetles (D:13)
  Erica (D:9)
  3 two-headed ogres
  4 death yaks (Lair:5)
  A deep troll shaman (Lair:5)
  Urug (Orc:1)
  3 orc high priests (Orc:2)
  Nergalle (Lair:1)
  Pikel (D:7)
  2 lindwurms
  2 deep elf pyromancers
  5 orc knights
  A cyclops (Orc:1)
  6 orc sorcerers
  2 ugly things (D:11)
  4 manticores
  9 elephants
  2 black mambas
  A black mamba (shapeshifter) (D:13)
  9 cane toads
  2 gargoyles
  An orange demon (D:9)
  2 torpor snails
  A molten gargoyle (D:12)
  8 rime drakes
  6 komodo dragons
  4 kobold demonologists
  An unseen horror (D:11)
  3 polar bears
  6 trolls
  A hornet (D:8)
  Grinder (D:3)
  A wind drake (Lair:3)
  Prince Ribbit (Lair:1)
  16 dream sheep
  18 blink frogs
  6 slime creatures
  A shadow (D:12)
  6 spriggans (Bailey)
  6 wraiths
  4 wyverns
  A ynoxinul (D:9)
  3 basilisks
  Grum (D:8)
  28 yaks
  3 chaos spawn (D:9)
  8 vampire mosquitoes
  A steam dragon (D:7)
  A warg (Orc:1)
  5 nagas (Lair:2)
  4 acid dragons
  13 water moccasins
  Duvessa (D:6)
  14 orc warriors
  30 wolves
  17 ogres
  4 black bears
  3 centaurs
  A phantom (D:6)
  5 kobold brigands
  2 lemures (D:7)
  8 bullfrogs
  2 gnoll sergeants (D:11)
  8 wights (D:8)
  3 scorpions
  17 killer bees
  Dowan (D:5)
  3 electric eels
  2 howler monkeys
  2 lava snakes (D:12)
  2 quasits (D:9)
  10 hounds
  13 orc priests
  8 jellies
  Crazy Yiuf (D:6)
  5 iguanas
  3 sleepcaps
  Terence (D:3)
  Natasha (thrice) (D:3)
  16 orc wizards
  18 gnolls
  5 adders
  3 white imps
  2 ufetubi
  A worm (D:2)
  A dart slug (D:4)
  88 orcs
  6 endoplasms
  3 giant cockroaches
  11 goblins
  5 hobgoblins
  2 jackals (D:4)
  4 quokkas
  8 ball pythons
  4 bats
  6 frilled lizards
  25 kobolds
  5 rats
612 creatures vanquished.

Vanquished Creatures (collateral kills)
  A spriggan (Bailey)
1 creature vanquished.

Vanquished Creatures (others)
  2 orc priests (Orc:2)
  An orc wizard (Orc:2)
  2 orcs (Orc:2)
  3 demonic plants (D:9)
  55 fungi
  82 plants
  4 toadstools (D:1)
149 creatures vanquished.

Grand Total: 762 creatures vanquished

Notes
Turn   | Place    | Note
-------+----------+-------------------------------------------
     0 | D:1      | Lobster4 the Tengu Air Elementalist began the quest for the
                  | Orb.
     0 | D:1      | Reached XP level 1. HP: 10/10 MP: 4/4
   415 | D:1      | Reached XP level 2. HP: 15/15 MP: 1/6
   891 | D:1      | Reached XP level 3. HP: 20/20 MP: 1/7
  1516 | D:2      | Reached skill level 1 in Armour
  1864 | D:2      | Found a faded altar of an unknown god.
  1996 | D:2      | Reached XP level 4. HP: 24/24 MP: 6/8
  2208 | D:3      | Found a blossoming altar of Fedhas.
  2296 | D:3      | Noticed Natasha
  2518 | D:3      | Learned a level 3 spell: Swiftness
  2521 | D:3      | Learned a level 2 spell: Static Discharge
  2573 | D:3      | Reached skill level 1 in Throwing
  2682 | D:3      | Noticed Terence
  2698 | D:3      | Killed Terence
  2699 | D:3      | Reached skill level 1 in Fighting
  2699 | D:3      | Gained mutation: Your magical nature lets you fly swiftly
                  | and evasively. [Tengu growth]
  2699 | D:3      | Reached XP level 5. HP: 29/29 MP: 4/9
  3004 | D:3      | Noticed Grinder
  3303 | D:3      | Found a broken altar of Ashenzari.
  3312 | D:3      | Found a sparkling altar of Nemelex Xobeh.
  3416 | D:4      | Reached skill level 1 in Staves
  3624 | D:4      | Reached skill level 1 in Short Blades
  3624 | D:4      | Reached skill level 5 in Air Magic
  3723 | D:4      | Reached XP level 6. HP: 34/34 MP: 6/10
  3894 | D:4      | Found a stormy altar of Qazlal.
  3894 | D:4      | Found a hide-covered altar of Uskayaw.
  4061 | D:4      | Found the +8 storm bow {elec, penet}
  4256 | D:5      | Entered Level 5 of the Dungeon
  4338 | D:5      | Found a staircase to the Ecumenical Temple.
  4352 | Temple   | Entered the Ecumenical Temple
  4464 | Temple   | Became a worshipper of Vehumet
  4589 | D:5      | Reached XP level 7. HP: 39/39 MP: 7/12
  4802 | D:5      | Reached skill level 1 in Evocations
  5034 | D:5      | Reached skill level 6 in Air Magic
  5601 | D:5      | Reached XP level 8. HP: 44/44 MP: 6/13
  6122 | D:6      | Learned a level 4 spell: Airstrike
  6210 | D:6      | Found a runed translucent door.
  6211 | D:6      | Noticed Crazy Yiuf
  6248 | D:6      | Reached * piety under Vehumet
  6248 | D:6      | Offered knowledge of Magic Dart by Vehumet.
  6716 | D:5      | Reached skill level 1 in Summonings
  6716 | D:5      | Reached skill level 7 in Air Magic
  6800 | D:6      | Noticed Dowan
  6890 | D:6      | Noticed Duvessa
  6891 | D:6      | Noticed a yak
  6892 | D:6      | Noticed a yak
  6947 | D:5      | Killed a yak
  7053 | D:6      | Identified the +0 ring mail of True Grit {+Blink Dex+3}
  7118 | D:6      | Noticed a yak
  7277 | D:6      | Killed a yak
  7278 | D:6      | Reached XP level 9. HP: 50/50 MP: 8/15
  7459 | D:6      | Killed Duvessa
  7460 | D:6      | Reached skill level 8 in Air Magic
  7591 | D:5      | Killed Dowan
  7592 | D:5      | Reached skill level 5 in Conjurations
  7781 | D:6      | Killed Crazy Yiuf
  7970 | D:7      | Found a flagged portal.
  7987 | Bailey   | Entered a bailey
  8033 | Bailey   | Reached skill level 5 in Dodging
  8358 | Bailey   | Reached skill level 9 in Air Magic
  8440 | Bailey   | Reached XP level 10. HP: 31/56 MP: 13/17
  8637 | Bailey   | Noticed a two-headed ogre
  8680 | Bailey   | Killed a two-headed ogre
  8681 | Bailey   | Reached skill level 10 in Air Magic
  8772 | Bailey   | Identified the +5 great mace of the Establishment {venom,
                  | Fly}
  9083 | D:7      | Offered knowledge of Poisonous Vapours by Vehumet.
  9091 | D:7      | Reached ** piety under Vehumet
  9092 | D:7      | Reached skill level 5 in Armour
  9423 | D:7      | Found a large runed translucent door.
  9423 | D:7      | Found a large runed translucent door.
  9429 | D:7      | Found a shimmering altar of Xom.
  9460 | D:7      | Reached skill level 5 in Spellcasting
  9581 | D:7      | Found a shimmering altar of Xom.
  9642 | D:7      | Noticed Pikel
  9665 | D:7      | Killed Pikel
 10348 | D:7      | Learned a level 2 spell: Poisonous Vapours
 10896 | D:8      | Reached skill level 5 in Fighting
 11042 | D:8      | Reached skill level 11 in Air Magic
 11218 | D:8      | Offered knowledge of Mephitic Cloud by Vehumet.
 11226 | D:8      | Learned a level 3 spell: Mephitic Cloud
 11289 | D:8      | Noticed Grum
 11311 | D:8      | Reached XP level 11. HP: 57/63 MP: 7/19
 11322 | D:8      | Killed Grum
 11462 | D:8      | Reached skill level 1 in Poison Magic
 11541 | D:8      | Found a staircase to the Lair.
 11619 | D:8      | Reached *** piety under Vehumet
 12282 | D:8      | Offered knowledge of Frozen Ramparts by Vehumet.
 12562 | D:8      | Reached **** piety under Vehumet
 12813 | D:9      | Reached skill level 5 in Staves
 12813 | D:9      | Reached skill level 13 in Air Magic
 12813 | D:9      | Reached XP level 12. HP: 68/68 MP: 20/20
 13112 | D:9      | Found a bloodstained altar of Trog.
 13275 | D:9      | Offered knowledge of Sticky Flame by Vehumet.
 13382 | D:9      | Noticed Erica
 13392 | D:9      | Killed Erica
 13858 | D:9      | Found an ancient bone altar of Kikubaaqudgha.
 14214 | D:9      | Identified the +10 arbalest of the Special Teeth {penet,
                  | Str+3}
 14687 | D:3      | Killed Grinder
 15275 | D:3      | Killed Natasha
 15322 | D:3      | Found a blossoming altar of Fedhas.
 15507 | D:3      | Noticed Natasha
 15509 | D:3      | Killed Natasha
 15565 | D:3      | Found a sparkling altar of Nemelex Xobeh.
 15574 | D:3      | Found a broken altar of Ashenzari.
 15655 | D:3      | Noticed Natasha
 15656 | D:3      | Killed Natasha
 15684 | D:4      | Identified the +7 rapier of Fedhas's Anger {vamp, rF++ rC-
                  | Str+3 Dex+2}
 15984 | D:10     | Entered Level 10 of the Dungeon
 16865 | D:10     | Found a staircase to the Orcish Mines.
 16973 | Orc:1    | Entered Level 1 of the Orcish Mines
 16973 | Orc:1    | Noticed Fannar
 16976 | Orc:1    | Killed Fannar
 17391 | Orc:1    | Reached skill level 14 in Air Magic
 17613 | Orc:1    | Reached XP level 13. HP: 74/74 MP: 14/21
 17915 | Orc:1    | Reached ***** piety under Vehumet
 17955 | Orc:1    | Found a runed translucent door.
 17955 | Orc:1    | Noticed Ydyewoar's ghost (journeyman DsBe)
 18200 | Orc:1    | Reached skill level 5 in Ranged Weapons
 18211 | Orc:1    | Noticed an ettin
 18253 | Orc:1    | Killed an ettin
 18296 | Orc:1    | Offered knowledge of Fireball by Vehumet.
 18437 | Orc:1    | Learned a level 5 spell: Summon Forest
 18494 | Orc:1    | Noticed Urug
 18498 | Orc:1    | Killed Urug
 18499 | Orc:1    | Reached skill level 10 in Conjurations
 18821 | Orc:2    | Entered Level 2 of the Orcish Mines
 18821 | Orc:2    | Found a staircase to the Elven Halls.
 18989 | Orc:1    | Reached skill level 5 in Poison Magic
 19403 | Orc:2    | Reached skill level 1 in Translocations
 20549 | Orc:2    | Found a runed translucent door.
 20635 | Orc:2    | Noticed math4jedi's ghost (journeyman MiBe)
 21656 | Orc:2    | Reached skill level 15 in Air Magic
 22141 | Orc:2    | Found Goatiek's Jewellery Shop.
 22141 | Orc:2    | Found Gynesy's Book Shoppe.
 22143 | Orc:2    | Found Saskoenu's Magic Scroll Shop.
 22143 | Orc:2    | Found Veal's Assorted Antiques.
 22187 | Orc:2    | Bought a scroll of noise for 15 gold pieces
 22367 | Lair:1   | Entered Level 1 of the Lair of Beasts
 22895 | Lair:1   | Noticed Prince Ribbit
 22910 | Lair:1   | Killed Prince Ribbit
 23637 | Lair:1   | Identified a scroll of acquirement
 23813 | Lair:1   | Noticed Nergalle
 23819 | Lair:1   | Killed Nergalle
 24491 | Lair:2   | Reached XP level 14. HP: 54/82 MP: 15/22
 25431 | Lair:2   | Offered knowledge of Starburst by Vehumet.
 25513 | Lair:2   | Found a staircase to the Snake Pit.
 25753 | Lair:2   | Reached skill level 1 in Shields
 26583 | Lair:3   | Found a transporter.
 27145 | Lair:3   | Found a transporter.
 27541 | Lair:3   | Found a staircase to the Shoals.
 27918 | Lair:4   | Found a viscous altar of Jiyva.
 28569 | Lair:4   | Reached skill level 16 in Air Magic
 28647 | Lair:4   | Reached skill level 10 in Dodging
 28804 | Lair:4   | Found a staircase to the Slime Pits.
 28977 | Lair:4   | Learned a level 2 spell: Blink
 29197 | Lair:4   | Noticed Josephine
 29200 | Lair:4   | Killed Josephine
 29609 | Lair:4   | You are sucked into a shaft and drop 1 floor!
 29609 | Lair:5   | Entered Level 5 of the Lair of Beasts
 31137 | Lair:5   | Offered knowledge of Plasma Beam by Vehumet.
 31208 | Lair:4   | Learned a level 6 spell: Plasma Beam
 32226 | Lair:5   | Reached skill level 1 in Fire Magic
 32423 | Lair:5   | Reached XP level 15. HP: 86/86 MP: 15/25
 33508 | D:11     | Found the +8 autumn katana {manifold assault}
 33900 | D:11     | Found a runed translucent door.
 33905 | D:11     | Noticed Rudyous's ghost (journeyman DEFE)
 33906 | D:11     | Identified the +7 trident of Disarray {speed, Will- Str+8
                  | Int+3}
 38022 | D:13     | HP: 4/86 [death drake (shapeshifter)] (6)]
 38022 | D:13     | Succumbed to a death drake's dark miasma

Illustrated notes

Levels and vault maps discovered:
D:1:      ldierk_walled_garden_2, layout_loops_ring,
          chequers_serial_rivers_small_3
D:2:      layout_loops_cross, ebering_ecumenical_altar_box, minmay_tall_x
D:3:      layout_loops_corners, fedhas_altar_3, mainiacjoe_overflow_swirl,
          hangedman_decor_push, uniq_natasha, uniq_terence, uniq_grinder
D:4:      layout_basic, jmf_multi_god_temple, due_unseen_surprise
D:5:      layout_rooms, temple_pool_b
D:6:      layout_cave_pools, bh_walls_and_bars, uniq_duvessa,
          uniq_crazy_yiuf_cottage
D:7:      due_chaos_kobolds, layout_basic, amcnicky_altar_gilded,
          enter_bailey_8, uniq_pikel
D:8:      layout_basic, erik_lair_island, special_room [special_room_orc],
          kennysheep_generic_room_16, uniq_grum
D:9:      layout_gridville, serial_demonic, serial_demonic_b, serial_demonic_b,
          serial_demonic_b, serial_demonic_d, hangedman_feature_mirror,
          supply_closet_lemuel, uniq_erica
D:10:     layout_loops_ring, orc_0_dummy
D:11:     layout_loops_ring, ebering_ghost_funeral_grove
D:12:     layout_big_octagon
D:13:     layout_rooms
Temple:   eino_temple_scatter_basement
Lair:1:   layout_chaotic_city, serial_bayou_lagoon_b, lemuel_fruit_tree,
          uniq_prince_ribbit2, uniq_nergalle
Lair:2:   layout_regular_city, minmay_snake_entry_guardpost_medium,
          grunt_megastairs_2, serial_bayou_shore_b
Lair:3:   gammafunk_cloud_chamber, layout_concentric_octagons,
          minmay_shoals_entry_beasts
Lair:4:   layout_gridlike, nicolae_slime_entry_field_trip, wad_woods_road_02,
          minmay_lair_drake_nest, uniq_josephine
Lair:5:   grunt_lair_end_beastmaster, layout_hall_layers
Orc:1:    layout_caves, gammafunk_ghost_grave, uniq_fannar, uniq_urug
Orc:2:    grunt_orc_tribal_feast, layout_caves, ebering_ghost_reflecting_pool

Skill      XL: |  1  2  3  4  5  6  7  8  9 10 11 12 13 14 15 |
---------------+----------------------------------------------+-----
Armour         | 1 2 3 4 5 6 7 8 |  8.0
Conjurations   | 2 3 4 6 7 8 9 10 11 12 | 12.2
Throwing       | 1 2 3 |  3.0
Fighting       | 1 2 3 4 5 7 |  7.5
Staves         | 1 2 3 5 |  5.1
Short Blades   | 1 2 3 |  3.0
Dodging        | 3 4 5 6 7 8 9 10 | 10.7
Air Magic      | 5 6 7 9 11 13 14 15 16 | 16.5
Stealth        | 3 |  3.0
Evocations     | 1 2 3 |  3.0
Spellcasting   | 3 4 5 6 |  6.6
Summonings     | 1 3 4 6 8 9 |  9.6
Poison Magic   | 3 4 5 |  5.0
Ranged Weapons | 3 4 6 7 8 |  8.2
Translocations | 2 3 4 |  4.4
Shields        | 3 4 |  4.0
Fire Magic     | 1 3 |  3.0

Action                     |  1- 3 |  4- 6 |  7- 9 | 10-12 | 13-15 || total
---------------------------+-------+-------+-------+-------+-------++-------
  Melee: Short sword       |     9 |       |       |       |       ||     9
         Kick              |     3 |       |       |    10 |    27 ||    40
         Staff             |       |       |     2 |    28 |    70 ||   100
         Peck              |       |       |       |     5 |    13 ||    18
   Fire: Shortbow          |       |       |       |    85 |       ||    85
  Throw: Dart              |       |     7 |    24 |     7 |    47 ||    85
   Cast: Shock             |    78 |    93 |   234 |   272 |   172 ||   849
         Airstrike         |       |       |    12 |   127 |   575 ||   714
         Swiftness         |       |       |     1 |       |       ||     1
         Static Discharge  |       |       |       |     4 |       ||     4
         Poisonous Vapours |       |       |       |    18 |    30 ||    48
         Mephitic Cloud    |       |       |       |     7 |    14 ||    21
         Blink             |       |       |       |       |     1 ||     1
  Evoke: Wand              |       |       |       |     4 |    10 ||    14
         Lightning rod     |       |       |       |       |     4 ||     4
    Use: Scroll            |       |     5 |     9 |    12 |     9 ||    35
         Potion            |       |       |     1 |     2 |     1 ||     4
   Stab: Confused          |       |       |       |       |     1 ||     1
 Armour: Robe              |     2 |     1 |     7 |       |       ||    10
         Leather armour    |       |       |     2 |       |       ||     2
         Quicksilver drago |       |       |       |    64 |    79 ||   143
  Dodge: Dodged            |    14 |    12 |    39 |   113 |   193 ||   371
  Block: Other             |     1 |     3 |    17 |    38 |    29 ||    88
         Reflection        |       |     1 |     1 |     3 |     3 ||     8
         Buckler           |       |       |       |       |    69 ||    69

Table legend: (Time is in decaauts)
 A = Elapsed time spent in this place.
 B = Non-inter-level travel time spent in this place.
 C = Inter-level travel time spent in this place.
 D = Time resting spent in this place.
 E = Time spent auto-exploring this place.
 F = Levels seen in this place.
 G = Mean time per level.
                   A        B        C        D        E       F      G
               +--------+--------+--------+--------+--------+-----+--------+
         Total |  36537 |  34662 |   1875 |   8857 |  19964 |  22 | 1660.8 |
       Dungeon |  19957 |  18914 |   1043 |   3686 |  11944 |  13 | 1535.2 |
        Temple |    463 |    448 |     15 |    256 |    165 |   1 |  463.0 |
          Lair |  10197 |   9766 |    431 |   2412 |   5939 |   5 | 2039.4 |
  Orcish Mines |   5109 |   4723 |    386 |   2133 |   1789 |   2 | 2554.5 |
        Bailey |    810 |    810 |      0 |    368 |    126 |   1 |  810.0 |
               +--------+--------+--------+--------+--------+-----+--------+

Top non-repeatable levels by time:
  Lair:4: 2695 daAuts
     D:8: 2664 daAuts
   Orc:1: 2616 daAuts
   Orc:2: 2492 daAuts
  Lair:5: 2341 daAuts
     D:3: 2091 daAuts
     D:9: 1986 daAuts
     D:5: 1960 daAuts
  Lair:1: 1929 daAuts
     D:7: 1860 daAuts
    D:11: 1800 daAuts
  Lair:3: 1676 daAuts
  Lair:2: 1555 daAuts
    D:12: 1547 daAuts
     D:1: 1157 daAuts
